 Dungeon Crawl Stone Soup version 0.29.1-15-g9cfb28693d (webtiles) character file.

Game seed: 1828168844119120402

107 venomsnake the Trooper (level 5, -3/42 HPs)
             Began as a Human Chaos Knight on Mar 24, 2023.
             Was a Plaything of Xom.
             Slain by a gnoll sergeant
             ... wielding a +0 spear
              (8 damage)
             ... on level 4 of the Dungeon.
             The game lasted 00:07:26 (2174 turns).

venomsnake the Trooper (Human Chaos Knight)         Turns: 2174, Time: 00:07:26

Health: -3/42      AC:  9    Str: 14    XL:     5   Next: 10%
Magic:  5/5        EV: 11    Int: 13    God:    Xom [..*...]
Gold:   85         SH:  0    Dex: 12    Spells: 4/4 levels left

rFire   + . .      SeeInvis .   v - +2 falchion (flame)
rCold   x . .      Faith    .   (no shield)
rNeg    . . .      Spirit   .   o - +3 ring mail
rPois   +          Reflect  .   (no helmet)
rElec   .          Harm     .   (no cloak)
rCorr   .          Rampage  .   (no gloves)
Will    .....                   h - +0 pair of boots
Stlth   +.........              (no amulet)
HPRegen 0.14/turn               e - ring of poison resistance
MPRegen 0.09/turn               n - ring of fire

@: no status effects
A: no striking features
a: Renounce Religion


You were on level 4 of the Dungeon.
You worshipped Xom.
You were a toy of Xom.
You visited 2 branches of the dungeon, and saw 5 of its levels.

You collected 85 gold pieces.

Inventory:

Hand Weapons
 v - a +2 falchion of flaming (weapon)
Missiles
 d - 29 stones
 l - 5 poisoned darts (quivered)
Armour
 h - a +0 pair of boots (worn)
 o - a +3 ring mail (worn)
Jewellery
 e - a ring of poison resistance (left hand)
 n - a ring of fire (right hand)
Scrolls
 b - a scroll of magic mapping {unknown}
 m - 5 scrolls of identify {unknown}
 s - 4 scrolls of teleportation {unknown}
 t - a scroll of butterflies {unknown}
Potions
 f - a potion of degeneration {unknown}
 g - 2 potions of attraction {unknown}
 i - a potion of might {unknown}
 j - a potion of flight {unknown}
 k - 2 potions of heal wounds {unknown}
 p - 2 potions of haste {unknown}
 q - a potion of brilliance {unknown}
 r - a potion of mutation {unknown}
 u - a potion of lignification {unknown}
Miscellaneous
 c - a piece from Xom's chessboard (15/15)


   Skills:
 + Level 3.7 Fighting
 + Level 3.7 Long Blades
 + Level 2.9 Armour
 + Level 2.3 Dodging


You had 4 spell levels left.
You didn't know any spells.
Your spell library contained the following spells:

 Spells                   Type           Power      Damage    Failure   Level
 Summon Small Mammal      Summ           0%         N/A       52%         1
 Call Canine Familiar     Summ           0%         N/A       88%         3
 Summon Guardian Golem    Hex/Summ       0%         N/A       88%         3


Dungeon Overview and Level Annotations

Branches:
Dungeon (4/15)             Temple (1/1) D:4

Altars:
Dithmenos
Fedhas
Gozag
Kikubaaqudgha
Makhleb
Okawaru
Qazlal
Ru
Yredelemnul
The Shining One

Shops:
D:2 [   D:3 *


Message History

[Y]es or [N]o only, please.
Really renounce your faith, foregoing its fabulous benefits? [Y]es or [N]o only, please.
Really renounce your faith, foregoing its fabulous benefits? [Y]es or [N]o only, please.
Really renounce your faith, foregoing its fabulous benefits? [Y]es or [N]o only, please.
Really renounce your faith, foregoing its fabulous benefits? [Y]es or [N]o only, please.
Really renounce your faith, foregoing its fabulous benefits? [Y]es or [N]o only, please.
Really renounce your faith, foregoing its fabulous benefits? [Y]es or [N]o only, please.
Really renounce your faith, foregoing its fabulous benefits?
Okay, then.
You hit the black bear. You burn the black bear.
The black bear is moderately wounded.
The black bear misses you. The black bear barely misses you.
The black bear claws you but does no damage.
The gnoll sergeant closely misses you.
You hit the black bear. You burn the black bear.
The black bear is heavily wounded.
The black bear bites you.
* * * LOW HITPOINT WARNING * * *
The black bear claws you but does no damage. x2
The gnoll sergeant hits you from afar with a +0 spear.
* * * LOW HITPOINT WARNING * * *
A kobold comes into view. It is wielding a +0 short sword.
You slash the black bear! You burn the black bear.
The black bear is almost dead.
The black bear bites you but does no damage.
The black bear claws you but does no damage. x2
The gnoll sergeant hits you but does no damage.
You barely miss the black bear.
The black bear is almost dead.
The black bear bites you but does no damage.
The black bear claws you but does no damage. x2
The gnoll sergeant hits you from afar with a +0 spear!
You die...
Xom chortles!

####.#.##..#.#.#...........#
.....#.....#.#...#####.#.#.#
####.####.##.####### #.#.#.#
#.###..##.......# #...# #
#.#...#########.####### ##
#.#........##.........# ##
#..........##b#.#####.#
####>.........##b#.#
'.............##@#.#####
####..........##h#...... ##
#..........##Jg...# ##
#..#####....#.....# #.##
#.#.......# #.# ..#......#
####.# .#K....# ......
##.##...# ...... . #..#


You could see a black bear, a gnoll sergeant, an endoplasm and a kobold.

Vanquished Creatures
  A killer bee (D:4)
  2 adders (D:3)
  A dart slug (D:3)
  4 endoplasms
  3 giant cockroaches
  4 goblins
  2 hobgoblins
  2 quokkas
  3 ball pythons
  6 bats
  2 frilled lizards
  9 kobolds
  4 rats
43 creatures vanquished.

Vanquished Creatures (collateral kills)
  2 goblins (D:2)
  A rat (D:2)
3 creatures vanquished.

Grand Total: 46 creatures vanquished

Notes
Turn   | Place    | Note
-------+----------+-------------------------------------------
     0 | D:1      | venomsnake the Human Chaos Knight began the quest for the
                  | Orb.
     0 | D:1      | Reached XP level 1. HP: 18/18 MP: 1/1
    96 | D:1      | Reached XP level 2. HP: 17/24 MP: 2/2
   354 | D:1      | XOM: silly message
   511 | D:1      | XOM: silly message
   603 | D:2      | XOM: cast spell 'Call Canine Familiar'
   612 | D:2      | Reached XP level 3. HP: 21/29 MP: 3/3
   820 | D:2      | Found Riarodd's Armour Boutique.
  1256 | D:3      | Found Bacle's General Store.
  1295 | D:3      | Reached XP level 4. HP: 35/35 MP: 4/4
  1313 | D:3      | XOM: silly message
  1658 | D:3      | XOM: silly message
  1878 | D:3      | XOM: silly message
  1928 | D:4      | Found a staircase to the Ecumenical Temple.
  1955 | Temple   | Entered the Ecumenical Temple
  2161 | D:4      | Noticed a gnoll sergeant
  2162 | D:4      | Noticed a black bear
  2168 | D:4      | XOM: butterfly on damage
  2171 | D:4      | Reached XP level 5. HP: 10/42 MP: 5/5
  2174 | D:4      | Slain by a gnoll sergeant

Illustrated notes

Levels and vault maps discovered:
D:1:      eino_arrival_water_cross, layout_rooms
D:2:      layout_loops_ring, serial_shops, nicolae_diamond_shop,
          dreamdust_ecumenical_altar_grove, minmay_circle_x
D:3:      layout_basic, serial_shops,
          nicolae_shop_temple_entry_statues_fountains
D:4:      layout_basic, xom_butterflies, elyvilon_altar_3, temple_doors_e,
          skrybe_limestone_x, minmay_manual_mess
Temple:   hellmonk_temple_beads

Skill      XL: |  1  2  3  4 |
---------------+-------------+-----
Dodging        | 2 |  2.3
Fighting       | |  3.7
Long Blades    | |  3.7
Armour         | |  2.9

Action                   |  1- 3 |  4- 6 || total
-------------------------+-------+-------++-------
Melee: Falchion          |   100 |    32 ||   132
Armor: Leather armour    |    11 |       ||    11
       Scale mail        |    19 |       ||    19
       Ring mail         |    30 |    21 ||    51
Dodge: Dodged            |    73 |    21 ||    94
